 Dungeon Crawl Stone Soup version 0.29-a0-369-gd956c00756 (webtiles) character file.

Game seed: 13528408630670628441

84 kaswantae1 the Skirmisher (level 4, -2/41 HPs)
             Began as a Minotaur Berserker on May 1, 2022.
             Was a Follower of Trog.
             Slain by an adder (3 damage)
             ... on level 4 of the Dungeon.
             The game lasted 00:13:51 (1325 turns).

kaswantae1 the Skirmisher (Minotaur Berserker)      Turns: 1325, Time: 00:13:52

Health: -2/41      AC:  2    Str: 24    XL:     4   Next: 23%
Magic:  3/3        EV: 12    Int:  4    God:    Trog [*.....]
Gold:   9          SH:  0    Dex:  9    Spells: 3/3 levels left

rFire   + . .      SeeInvis .   y - staff of fire
rCold   . . .      Faith    .   (no shield)
rNeg    . . .      Spirit   .   b - +0 animal skin
rPois   .          Reflect  .   (helmet restricted)
rElec   .          Harm     .   (no cloak)
rCorr   .          Rampage  .   (no gloves)
Will    .....                   (no boots)
Stlth   +.........              (no amulet)
HPRegen 0.13/turn               (no ring)
MPRegen 0.08/turn               (no ring)

@: no status effects
A: horns 2, retaliatory headbutt
a: Renounce Religion, Berserk


You were on level 4 of the Dungeon.
You worshipped Trog.
Trog was aware of your devotion.
You visited 1 branch of the dungeon, and saw 4 of its levels.

You collected 9 gold pieces.

Inventory:

Hand Weapons
 a - a +0 hand axe
 c - a +0 club
 d - a +0 dagger
 e - a +0 short sword
 f - a +2 short sword of venom
 i - a +0 dagger
 k - a +0 dagger
 l - a +0 dagger
 m - a +0 club
 n - a +0 dagger
 p - a +0 dagger
 q - a +0 whip
 s - a +0 dagger
 u - a +0 hand axe
Missiles
 g - 2 throwing nets
 h - 3 atropa-tipped darts (quivered)
Armour
 b - a +0 animal skin (worn)
 v - a +0 chain mail
Magical Staves
 y - a staff of fire (weapon)
Jewellery
 A - a ring of wizardry
Scrolls
 j - a scroll of teleportation {unknown}
 r - a scroll of immolation {unknown}
 t - a scroll of noise {unknown}
 x - a scroll of magic mapping {unknown}
Potions
 o - a potion of resistance {unknown}
 w - a potion of flight {unknown}
 z - a potion of curing


   Skills:
 + Level 4.5 Fighting
 + Level 0.8 Short Blades
 + Level 4.2 Axes
 + Level 2.8 Armour
 + Level 3.3 Dodging


You had 3 spell levels left.
You didn't know any spells.
Your spell library contained the following spells:

 Spells                   Type           Power      Damage    Failure   Level
 Animate Skeleton         Necr           0%         N/A       50%         1
 Apportation              Tloc           0%         N/A       50%         1
 Summon Small Mammal      Summ           0%         N/A       50%         1


Dungeon Overview and Level Annotations

Branches:
Dungeon (4/15)
 Temple: D:4-7

Altars:

Shops:
D:3 :![


Innate Abilities, Weirdness & Mutations

You have a pair of horns on your head.
You reflexively headbutt those who attack you in melee.


Message History

The giant cockroach is moderately wounded.
The adder bites you but does no damage. The giant cockroach bites you.
Trog does not appreciate your use of wizardly items!
You feel guilty.
You hit the giant cockroach.
You kill the giant cockroach!
Trog accepts your kill. The adder bites you. The adder closely misses you.
You furiously retaliate!
You headbutt the adder! The dart slug bites you. The adder bites you.
You are poisoned.
The adder poisons you!
Trog does not appreciate your use of wizardly items!
You feel guilty.
You hit the dart slug. You headbutt the dart slug.
The dart slug is severely wounded.
You feel sick. The adder bites you but does no damage.
The dart slug launches a dart at you. The slug dart hits you.
You feel sick. The adder bites you but does no damage.
The adder barely misses you.
The dart slug bites you but does no damage.
You feel sick. The adder bites you but does no damage.
You feel sick. The adder misses you.
You feel sick. The adder barely misses you.
The dart slug launches a dart at you. The slug dart hits you.
* * * LOW HITPOINT WARNING * * *
The adder bites you.
* * * LOW HITPOINT WARNING * * *
You feel sick.
You are no longer poisoned.
The adder bites you.
* * * LOW HITPOINT WARNING * * *
The adder bites you.
* * * LOW HITPOINT WARNING * * *
Trog does not appreciate your use of wizardly items!
You feel guilty.
You hit the dart slug.
You kill the dart slug!
Trog accepts your kill. The adder bites you.
You die...

......>..# .......
##...#...##.......
.....#.......)....
..................
#..............#
#.............#
...###.).....###..
....#....S........
........@......###
................#
.......<...##...#
.......##.## #....
....... ..# ....
.#.##..#... ##. ##
#....... #.##.####
..


You could see an adder.

Vanquished Creatures
  Terence (D:3)
  A worm (D:2)
  A dart slug (D:4)
  An orc (D:4)
  2 endoplasms
  A giant cockroach (D:4)
  9 hobgoblins
  5 jackals (D:1)
  6 kobolds (D:1)
  8 ball pythons
  3 bats (D:1)
  A frilled lizard (D:1)
  5 goblins (D:1)
  6 rats
  2 toadstools (D:1)
52 creatures vanquished.

Vanquished Creatures (others)
  2 toadstools (D:1)
2 creatures vanquished.

Grand Total: 54 creatures vanquished

Notes
Turn   | Place    | Note
-------+----------+-------------------------------------------
     0 | D:1      | kaswantae1 the Minotaur Berserker began the quest for the
                  | Orb.
     0 | D:1      | Reached XP level 1. HP: 19/19 MP: 0/0
   146 | D:1      | Reached XP level 2. HP: 17/27 MP: 1/1
   533 | D:1      | Found a faded altar of an unknown god.
   562 | D:1      | Reached XP level 3. HP: 14/33 MP: 2/2
   631 | D:1      | Reached ** piety under Trog
  1060 | D:3      | Noticed Terence
  1060 | D:3      | Found Zinall's Antique Armour Shop.
  1073 | D:3      | Killed Terence
  1074 | D:3      | Reached XP level 4. HP: 21/41 MP: 3/3
  1079 | D:3      | Upgraded the game from 0.29-a0-364-g921d912d32 to
                  | 0.29-a0-369-gd956c00756
  1250 | D:3      | Found Foequhungu's Distillery.
  1271 | D:3      | Found Jauq's Book Shoppe.
  1324 | D:4      | HP: 1/41 [adder (2)]
  1325 | D:4      | Slain by an adder

Illustrated notes

Levels and vault maps discovered:
D:1:      ldierk_walled_garden_2, layout_basic,
          hellmonk_ecumenical_altar_prayer_group
D:2:      minmay_door_path, layout_loops_ring, minmay_tall_x,
          uniq_crazy_yiuf_cottage
D:3:      layout_basic, serial_shops, shop, shop, shop, shop,
          kennysheep_generic_room_9, uniq_terence
D:4:      layout_cave_pools, grunt_temple_overflow_open, uniq_sigmund

Skill      XL: |  1  2  3 |
---------------+----------+-----
Fighting       | 4 |  4.5
Axes           | 4 |  4.2
Dodging        | 3 |  3.3
Short Blades   | |  0.8
Armour         | |  2.8

Action                   |  1- 3 |  4- 6 || total
-------------------------+-------+-------++-------
Melee: Hand axe          |    40 |       ||    40
       Short sword       |    55 |       ||    55
       Headbutt          |    14 |     3 ||    17
       Staff             |       |    11 ||    11
Throw: Throwing net      |       |     2 ||     2
       Dart              |       |     1 ||     1
Invok: Trog's Hand       |     1 |       ||     1
  Use: Scroll            |     2 |       ||     2
       Potion            |     1 |       ||     1
Armor: Animal skin       |    21 |     9 ||    30
Dodge: Dodged            |    60 |    12 ||    72

Table legend: (Time is in decaauts)
 A = Elapsed time spent in this place.
 B = Non-inter-level travel time spent in this place.
 C = Inter-level travel time spent in this place.
 D = Time resting spent in this place.
 E = Time spent auto-exploring this place.
 F = Levels seen in this place.
 G = Mean time per level.
                   A        B        C        D        E       F      G
               +--------+--------+--------+--------+--------+-----+--------+
         Total |   1335 |   1335 |      0 |      0 |      0 |   4 |  333.8 |
       Dungeon |   1335 |   1335 |      0 |      0 |      0 |   4 |  333.8 |
               +--------+--------+--------+--------+--------+-----+--------+

Top non-repeatable levels by time:
     D:1: 897 daAuts
     D:3: 243 daAuts
     D:2: 171 daAuts
     D:4: 23 daAuts
